 Dungeon Crawl Stone Soup version 0.27-a0-1228-gfd60fd639a (webtiles) character file.

Game seed: 5793271247163707417

2 siradein the Slasher (level 1, 0/11 HPs)
             Began as a Vine Stalker Berserker on June 7, 2021.
             Was a Follower of Trog.
             Slain by a jackal (1 damage)
             ... on level 1 of the Dungeon.
             The game lasted 00:00:25 (70 turns).

siradein the Slasher (Vine Stalker Berserker)         Turns: 70, Time: 00:00:25

Health: 0/11       AC:  2    Str: 19    XL:     1   Next: 40%
Magic:  0/2        EV: 12    Int:  7    God:    Trog [*.....]
Gold:   0          SH:  0    Dex: 13    Spells: 0/0 levels left

rFire    . . .     SeeInvis .   a - +0 falchion
rCold    . . .     Faith    .   (no shield)
rNeg     . . .     Spirit   +   b - +0 animal skin
rPois    .         Reflect  .   (no helmet)
rElec    .         Harm     .   (no cloak)
rCorr    .         Rampage  .   (no gloves)
Will     .....                  (no boots)
Stlth    +.........             (no amulet)
HPRegen  0.03/turn              (no ring)
MPRegen  0.08/turn              (no ring)

@: no status effects
A: fangs 2, magic shield, antimagic bite, no potion heal 2
a: Renounce Religion, Berserk


You were on level 1 of the Dungeon.
You worshipped Trog.
Trog was aware of your devotion.
You visited 1 branch of the dungeon, and saw 1 of its levels.

Inventory:

Hand Weapons
 a - a +0 falchion (weapon)
Armour
 b - a +0 animal skin (worn)
Potions
 c - a potion of curing {unknown}


   Skills:
 - Level 2.6 Fighting
 + Level 2.9 Long Blades
 - Level 1.5 Armour
 - Level 1.5 Dodging


You couldn't memorise any spells.
You didn't know any spells.
Your spell library was empty.

Dungeon Overview and Level Annotations

Branches:
Dungeon (1/15)

Altars:


Innate Abilities, Weirdness & Mutations

You have extremely sharp teeth.
When hurt, damage is shared between your health and your magic reserves.
Your bite disrupts and absorbs the magic of your enemies.
Potions cannot restore your health.


Message History

The jackal bites you.
* * * LOW HITPOINT WARNING * * *
The jackal bites the plant.
The jackal barely misses you.
You riposte.
You hit the jackal.
The jackal is severely wounded.
A nearby plant withers and dies.
The jackal closely misses you.
The jackal bites you but does no damage.
The jackal closely misses you.
You riposte.
You closely miss the jackal. You bite the jackal.
You kill the jackal!
Trog accepts your kill. The jackal closely misses you.
You riposte.
You closely miss the jackal. You bite the jackal, but do no damage.
The jackal closely misses you. The jackal bites you.
You barely miss the jackal. You bite the jackal, but do no damage.
The jackal barely misses you.
You hit the jackal but do no damage. Your bite misses the jackal.
The jackal closely misses you.
You riposte.
You hit the jackal but do no damage. The jackal barely misses you.
You hit the jackal but do no damage. Your bite misses the jackal.
The jackal bites you.
* * * LOW HITPOINT WARNING * * *
You barely miss the jackal. You bite the jackal. You drain its power.
You feel invigorated.
The jackal is moderately wounded.
The jackal bites you but does no damage.
The jackal closely misses you.
You riposte.
You closely miss the jackal.
The jackal is moderately wounded.
You miss the jackal.
The jackal is moderately wounded.
The jackal barely misses you. The jackal bites you.
You miss the jackal.
The jackal is moderately wounded.
The jackal bites you but does no damage.
You hit the jackal. Your bite misses the jackal.
The jackal is heavily wounded.
The jackal bites you.
You die...

#.# #.# #.# #.# ♣♣♣♣
#.#♣♣♣♣♣♣♣♣..♣
#.#♣..♣.♣♣...♣♣♣
#.#♣..♣hh@.<...♣ ♣♣♣
##†h.♣...♣♣.....♣
..♣♣♣♣♣..#.♣.♣....♣♣♣♣.♣
♣...♣..(.#♣♣♣♣♣♣♣♣♣ .♣
♣.P...♣### ♣♣♣♣♣♣♣ .


You could see 2 jackals.

Vanquished Creatures
  A bat (D:1)
  A jackal (D:1)
2 creatures vanquished.

Vanquished Creatures (others)
  A plant (D:1)
1 creature vanquished.

Grand Total: 3 creatures vanquished

Notes
Turn   | Place    | Note
-------+----------+-------------------------------------------
     0 | D:1      | siradein the Vine Stalker Berserker began the quest for the
                  | Orb.
     0 | D:1      | Reached XP level 1. HP: 11/11 MP: 2/2
    70 | D:1      | Slain by a jackal

Illustrated notes

Levels and vault maps discovered:
D:1:      roderic_dead_forest, layout_basic, serial_forest,
          infiniplex_forest_clump_small, infiniplex_forest_join,
          infiniplex_forest_clump_long, infiniplex_forest_lined_room_3,
          infiniplex_forest_lined_2, infiniplex_forest_fountain,
          infiniplex_forest_corner_1, infiniplex_forest_zigzag_1,
          infiniplex_forest_clump_tiny, minmay_hexomino_r4

Action                   || total
-------------------------++-------
Melee: Falchion          ||    17
       Bite              ||    11
Armor: Animal skin       ||     6
Dodge: Dodged            ||    26
       Rpst.: Falchion   ||     9

Table legend: (Time is in decaauts)
 A = Elapsed time spent in this place.
 B = Non-inter-level travel time spent in this place.
 C = Inter-level travel time spent in this place.
 D = Time resting spent in this place.
 E = Time spent auto-exploring this place.
 F = Levels seen in this place.
 G = Mean time per level.
                   A        B        C        D        E       F      G
               +--------+--------+--------+--------+--------+-----+--------+
         Total |     72 |     72 |      0 |      0 |     27 |   1 |   72.0 |
       Dungeon |     72 |     72 |      0 |      0 |     27 |   1 |   72.0 |
               +--------+--------+--------+--------+--------+-----+--------+

Top non-repeatable levels by time:
     D:1: 72 daAuts
